 Dungeon Crawl Stone Soup version 0.19.3-1-g3169bf9 (console) character file.

4475 Grinner the Basher (level 10, -1/110 HPs)
             Began as an Ogre Monk on Jan 26, 2017.
             Was an Elder of Okawaru.
             Slain by a leopard gecko (3 damage)
             ... on level 9 of the Dungeon.
             The game lasted 00:30:05 (9845 turns).

Grinner the Basher (Ogre Monk)                      Turns: 9845, Time: 00:30:06

Health: -1/110     AC:  4    Str: 23    XL:     10   Next: 38%
Magic:  13/13      EV: 19    Int:  9    God:    Okawaru [****..]
Gold:   416        SH:  0    Dex: 17    Spells: 0 memorised, 9 levels left

rFire  . . .     SeeInvis +     a - +4 mace (freeze)
rCold  . . .     Gourm    .     b - +0 robe
rNeg   . . .     Faith    .     (no shield)
rPois  .         Spirit   .     d - +1 hat
rElec  .         Reflect  .     (no cloak)
rCorr  +         Harm     .     (gloves unavailable)
MR     +....                    (boots unavailable)
Stlth  +++.......               (no amulet)
                                u - ring of see invisible
                                e - ring of resist corrosion

@: agile
A: unfitting armour, strong 1, tough skin 1
a: Heroism, Renounce Religion


You were on level 9 of the Dungeon.
You worshipped Okawaru.
Okawaru was greatly pleased with you.
You were not hungry.

You visited 2 branches of the dungeon, and saw 11 of its levels.
You also visited: Sewer.

You collected 416 gold pieces.

Inventory:

Hand Weapons
 a - a +4 mace of freezing (weapon)
 F - a +0 morningstar
Missiles
 w - 3 poisoned tomahawks (quivered)
Armour
 b - a +0 robe (worn)
 d - a +1 hat (worn)
Jewellery
 e - a ring of resist corrosion (left hand)
 u - a ring of see invisible (right hand)
Wands
 o - a wand of paralysis (16/24)
 s - a wand of disintegration (7/24)
 y - a wand of confusion (12/48)
 B - a wand of digging (14/24)
 G - a wand of polymorph (16/24)
 K - a wand of paralysis (10/24)
 M - a wand of iceblast (5/15)
Scrolls
 l - 5 scrolls of remove curse
 m - a scroll of fog
 r - 2 scrolls of recharging
 A - a scroll of enchant weapon
Potions
 g - 4 potions of curing
 i - a potion of cancellation
 k - 3 potions of flight
 p - 2 potions of brilliance
 v - a potion of resistance
 z - a potion of cure mutation
 I - 2 potions of might
Books
 n - a book of Cantrips

   Spells                             Type                      Level
   a - Confusing Touch                Hexes                        1
   b - Animate Skeleton               Necromancy                   1
   c - Summon Small Mammal            Summoning                    1
   d - Apportation                    Translocation                1
 L - a book of Flames

   Spells                             Type                      Level
   a - Flame Tongue                   Conjuration/Fire             1
   b - Throw Flame                    Conjuration/Fire             2
   c - Conjure Flame                  Conjuration/Fire             3
   d - Inner Flame                    Hexes/Fire                   3
   e - Sticky Flame                   Conjuration/Fire             4
   f - Fireball                       Conjuration/Fire             5
Comestibles
 c - 4 bread rations
 f - 4 beef jerkies
 h - 5 meat rations
 j - 2 chunks of flesh
 x - a royal jelly
 C - 4 fruits


   Skills:
 + Level 10.1 Fighting
 * Level 13.0 Maces & Flails
 + Level 7.0 Dodging
 - Level 1.4 Stealth
 - Level 4.9 Invocations


You had 9 spell levels left.
You didn't know any spells.

Dungeon Overview and Level Annotations

Branches:
Dungeon (10/15)            Temple (1/1) D:4
   Lair: D:8-11         Orc: D:9-12

Altars:
Ashenzari
Cheibriados
Dithmenos
Elyvilon
Fedhas
Gozag
Hepliaklqana
Kikubaaqudgha
Makhleb
Nemelex Xobeh
Okawaru
Qazlal
Ru
Sif Muna
Trog
Uskayaw
Vehumet
Xom
Yredelemnul
Zin
The Shining One

Annotations:
D:10 miniman03's ghost, journeyman MfBe


Innate Abilities, Weirdness & Mutations

You are too large for most types of armour.
You have tough skin. (AC +1)
Your muscles are strong. (Str +2)


Message History

Okay, then.
You barely miss the gnoll. The gnoll completely misses you.
You thump the gnoll! You freeze the gnoll.
You kill the gnoll!
Okawaru accepts your kill.
You feel a little less mighty now.
You barely miss the gnoll. Your punch misses the gnoll.
The gnoll hits you with a whip.
* * * LOW HITPOINT WARNING * * *
The leopard gecko completely misses you.
You sock the gnoll! You freeze the gnoll.
The gnoll is almost dead.
You feel like a meek peon again. The gnoll misses you.
The leopard gecko bites you.
* * * LOW HITPOINT WARNING * * *
You sock the gnoll! You freeze the gnoll.
You kill the gnoll!
Okawaru accepts your kill.
You miss the leopard gecko. The leopard gecko bites you.
You die...

*##########***
*..........,,*
*,.......,,,,*
*,......,,,,,*******
**#...#****,,,,,,,,,
#...#####,****,***
#@.......,,,,,,,,,
#lZ..##.#,***,,*,*
#....#*,*,* *,,*,*
#....#*,*,* *,,*,*
#....#*,*,***,,*,*
####....#*,*,,,,,<*,*
###.......#*,********,*
#......####*,,,,,,,,,,,
#......########******,*


You could see a leopard gecko and a centaur skeleton.

Vanquished Creatures
  Joseph (D:10)
  Prince Ribbit (D:6)
  Grinder (D:6)
  2 wyverns (D:8)
  2 orc warriors
  2 sky beasts
  4 ice beasts
  2 phantoms
  4 ogres
  4 bullfrogs
  2 big kobolds (Sewer)
  A gnoll sergeant (D:8)
  A water moccasin skeleton (D:5)
  4 killer bees (D:8)
  7 wights
  3 howler monkeys
  4 crimson imps
  2 bullfrog zombies
  A centaur skeleton (D:6)
  5 orc priests
  5 hounds
  4 iguanas
  Natasha (twice) (D:4)
  5 worker ants
  2 orc wizards (D:8)
  A killer bee zombie (D:8)
  13 adders
  7 gnolls
  A shadow imp (D:5)
  2 adder zombies
  2 adder skeletons
  2 worms (D:2)
  4 dart slugs
  A leopard gecko (D:2)
  22 orcs
  6 giant cockroaches
  9 goblins
  10 hobgoblins
  11 jackals
  A quokka (D:6)
  5 ball pythons
  8 bats
  7 frilled lizards
  17 kobolds
  2 leopard gecko skeletons (D:4)
  A quokka zombie (D:5)
  8 rats
211 creatures vanquished.

Vanquished Creatures (others)
  A giant cockroach (D:7)
1 creature vanquished.

Grand Total: 212 creatures vanquished

Notes
Turn   | Place    | Note
-------+----------+-------------------------------------------
     0 | D:1      | Grinner the Ogre Monk began the quest for the Orb.
     0 | D:1      | Reached XP level 1. HP: 24/24 MP: 1/1
   149 | D:1      | Reached XP level 2. HP: 26/32 MP: 2/2
   566 | D:1      | Reached XP level 3. HP: 14/40 MP: 3/3
  1586 | D:2      | Reached skill level 5 in Maces & Flails
  1611 | D:2      | Found a faded altar of an unknown god.
  1657 | D:2      | Reached XP level 4. HP: 7/49 MP: 4/4
  2126 | D:2      | Reached skill level 5 in Fighting
  2828 | D:3      | Reached XP level 5. HP: 45/57 MP: 5/5
  3023 | D:3      | Reached skill level 6 in Maces & Flails
  3887 | D:4      | Reached XP level 6. HP: 37/66 MP: 6/6
  4103 | D:4      | Reached skill level 7 in Maces & Flails
  4260 | D:4      | Found a staircase to the Ecumenical Temple.
  4261 | D:4      | Noticed Natasha
  4267 | D:4      | Killed Natasha
  4634 | D:4      | Noticed Natasha
  4641 | D:4      | Killed Natasha
  4899 | Temple   | Entered the Ecumenical Temple
  5036 | Temple   | Became a worshipper of Warmaster Okawaru
  5036 | Temple   | Reached * piety under Okawaru
  5036 | Temple   | Reached ** piety under Okawaru
  5065 | D:5      | Entered Level 5 of the Dungeon
  5083 | D:5      | Reached XP level 7. HP: 72/75 MP: 7/7
  5130 | D:5      | Reached skill level 8 in Maces & Flails
  5130 | D:5      | Reached skill level 1 in Invocations
  5574 | D:5      | Gained mutation: Your muscles are strong. (Str +2) [potion of beneficial mutation]
  5671 | D:6      | Noticed Prince Ribbit
  5918 | D:6      | Noticed Grinder
  5929 | D:6      | Paralysed by Grinder for 2 turns
  5931 | D:6      | Killed Prince Ribbit
  5931 | D:6      | Reached *** piety under Okawaru
  5931 | D:6      | Reached skill level 9 in Maces & Flails
  5931 | D:6      | Reached XP level 8. HP: 51/87 MP: 6/9
  5936 | D:6      | Killed Grinder
  6025 | D:6      | Reached skill level 5 in Dodging
  6149 | D:6      | Found a glowing drain.
  6163 | Sewer    | Entered a sewer
  6546 | Sewer    | Reached skill level 10 in Maces & Flails
  6794 | D:6      | Reached XP level 9. HP: 82/96 MP: 11/11
  7182 | D:7      | Found a faded altar of an unknown god.
  7182 | D:7      | Found a faded altar of an unknown god.
  7187 | D:7      | Found an ancient bone altar of Kikubaaqudgha.
  7189 | D:7      | Found a shadowy altar of Dithmenos.
  7190 | D:7      | Found a white marble altar of Elyvilon.
  7602 | D:7      | Reached skill level 11 in Maces & Flails
  7703 | D:7      | Reached **** piety under Okawaru
  8001 | D:7      | Found a radiant altar of Vehumet.
  8579 | D:8      | Reached skill level 12 in Maces & Flails
  8738 | D:8      | Reached XP level 10. HP: 72/107 MP: 13/13
  9397 | D:8      | Found a basalt altar of Yredelemnul.
  9782 | D:10     | Entered Level 10 of the Dungeon
  9782 | D:10     | Noticed Joseph
  9782 | D:10     | Noticed miniman03's ghost (journeyman MfBe)
  9802 | D:10     | Reached skill level 10 in Fighting
  9824 | D:10     | Killed Joseph
  9824 | D:10     | Reached skill level 13 in Maces & Flails
  9836 | D:10     | HP: 4/110 [gnoll/stone (4)]
  9842 | D:9      | HP: 3/110 [gnoll/whip (3)]
  9845 | D:9      | Slain by a leopard gecko

Skill      XL: |  1  2  3  4  5  6  7  8  9 10 |
---------------+-------------------------------+-----
Dodging        | 3 4 5 6 7 |  7.0
Maces & Flails | 5 6 7 9 10 12 13 | 13.0
Fighting       | 5 6 7 8 9 10 | 10.1
Invocations    | 2 3 4 |  4.9
Stealth        | |  1.4

Action                   |  1- 3 |  4- 6 |  7- 9 | 10-12 || total
-------------------------+-------+-------+-------+-------++-------
Melee: Mace              |   163 |   217 |   243 |    81 ||   704
       Flail             |       |    14 |   104 |       ||   118
       Punch             |       |       |     2 |     1 ||     3
Throw: Tomahawk          |       |     2 |    10 |     2 ||    14
Invok: Heroism           |       |       |    15 |     6 ||    21
Evoke: Wand              |       |     2 |     6 |       ||     8
  Use: Potion            |     1 |     2 |    10 |     4 ||    17
       Scroll            |       |       |     8 |    11 ||    19
 Stab: Invisible         |     2 |       |       |       ||     2
       Sleeping          |       |     4 |     2 |       ||     6
       Confused          |       |       |     2 |       ||     2
       Paralysed         |       |       |     1 |       ||     1
  Eat: Chunk             |     2 |     7 |     7 |     3 ||    19
       Meat ration       |       |     1 |     1 |       ||     2
Armor: Robe              |    48 |    47 |    35 |    10 ||   140
       Skin              |       |       |     1 |       ||     1
Dodge: Dodged            |   115 |   131 |   183 |    80 ||   509
